 Dungeon Crawl Stone Soup version 0.28-a0-612-gcfc00ec14d (webtiles) character file.

Game seed: 10368945970016286288

389 bande the Covered (level 6, -1/39 HPs)
             Began as a Gargoyle Fighter on Oct 5, 2021.
             Slain by a gnoll shaman (4 damage)
             ... on level 3 of the Dungeon.
             The game lasted 00:05:09 (3756 turns).

bande the Covered (Gargoyle Fighter)                Turns: 3756, Time: 00:05:10

Health: -1/39      AC: 14    Str: 21    XL:     6   Next: 79%
Magic:  6/6        EV:  9    Int:  6    God:
Gold:   88         SH:  4    Dex: 10    Spells: 5/5 levels left

rFire   . . .      SeeInvis .   a - +0 war axe
rCold   . . .      Faith    .   c - +0 buckler
rNeg    + . .      Spirit   .   b - +0 scale mail
rPois   ∞          Reflect  .   d - +2 helmet
rElec   +          Harm     .   (no cloak)
rCorr   .          Rampage  .   (no gloves)
Will    .....                   (no boots)
Stlth   ..........              (no amulet)
HPRegen 0.13/turn               (no ring)
MPRegen 0.10/turn               (no ring)

@: no status effects
A: sickness immunity, AC +4, negative energy resistance 1, electricity
resistance, torment resistance 1, petrification resistance, dopey 1, subdued
magic 2
a: no special abilities


You were on level 3 of the Dungeon.
You visited 1 branch of the dungeon, and saw 4 of its levels.

You collected 88 gold pieces.

Inventory:

Hand Weapons
 a - a +0 war axe (weapon)
 m - a +0 war axe
 q - a +0 flail
Armour
 b - a +0 scale mail (worn)
 c - a +0 buckler (worn)
 d - a +2 helmet (worn)
Scrolls
 f - a scroll of immolation {unknown}
 k - 2 scrolls of identify {unknown}
 l - a scroll of enchant weapon {unknown}
 n - a scroll of holy word {unknown}
 o - a scroll of fear {unknown}
 p - a scroll of teleportation {unknown}
Potions
 e - a potion of mutation
 g - a potion of heal wounds {unknown}
 h - a potion of cancellation {unknown}
 i - 2 potions of curing {unknown}
 j - a potion of flight {unknown}


   Skills:
 + Level 4.5 Fighting
 + Level 4.4 Axes
 + Level 5.0 Armour
 + Level 4.0 Shields


You had 5 spell levels left.
You didn't know any spells.
Your spell library contained the following spells:

 Spells                   Type           Power      Damage    Failure   Level
 Beastly Appendage        Tmut           0%         N/A       71%         1
 Wereblood                Tmut           0%         N/A       85%         2
 Spider Form              Tmut/Pois      0%         N/A       97%         3


Dungeon Overview and Level Annotations

Branches:
Dungeon (4/15)
 Temple: D:4-7

Altars:
Yredelemnul

Annotations:
D:3 8 runed translucent doors, siradein's ghost, amateur DrBr


Innate Abilities, Weirdness & Mutations

You are immune to sickness and miasma.
Your stone body is resilient. (AC +4)
You are immune to poison.
You resist negative energy. (rN+)
You are resistant to electric shocks. (rElec)
You are resistant to unholy torment.
You are immune to petrification.
You are dopey. (Int -2)
Your spells are easier to cast, but less powerful.


Message History

Level annotation: 8 runed translucent doors, siradein's ghost, amateur DrBr
There is a stone staircase leading down here.
Unknown command.
You closely miss the gnoll.
The gnoll is almost dead.
You hit the gnoll. You closely miss the gnoll shaman.
The gnoll hits you with a +0 club.
* * * LOW HITPOINT WARNING * * *
The gnoll shaman hits you with a +0 whip.
* * * LOW HITPOINT WARNING * * *
The gnoll barely misses you.
You closely miss the gnoll.
The gnoll is almost dead.
You hit the gnoll. You hit the gnoll shaman.
The gnoll hits you but does no damage.
The gnoll shaman calls upon its god to heal the gnoll.
The gnoll is healed somewhat.
The gnoll closely misses you. The gnoll hits you but does no damage.
You closely miss the gnoll.
The gnoll is moderately wounded.
You hit the gnoll.
You kill the gnoll!
Your scale mail prevents you from hitting the gnoll shaman.
The gnoll shaman hits you but does no damage.
You block the gnoll's attack.
The gnoll shaman prays to its god.
The gnoll shaman is healed somewhat.
The gnoll hits you with a +0 flail.
* * * LOW HITPOINT WARNING * * *
You closely miss the gnoll.
The gnoll is moderately wounded.
You hit the gnoll shaman but do no damage.
The gnoll shaman hits you with a +0 whip.
* * * LOW HITPOINT WARNING * * *
The gnoll hits you with a +0 flail.
* * * LOW HITPOINT WARNING * * *
It was a potion of mutation.
You feel extremely strange.
You feel stupid.
Your connection to magic feels subdued.
Your connection to magic feels more subdued.
The gnoll shaman hits you with a +0 whip.
You die...

#
#..........##.#####.#
#.# #
#.......##..........#
#.#
#.......#####>#######
#.# ###.......#####.#
#.###
................####
##...#
###........###.....#
#....#
...##.....).##.....#
#....#
................)).#
#.####
...##.......##..@g.#
#.#
.......#...###...g.#
#.#
######)#####...#####
#.# # #.####.....# #.#
#
#..........#########.#
#
######.....#..)......#
# ##...##.######### #
##.###.#### #).......#


You could see a gnoll shaman and a gnoll.

Vanquished Creatures
  Sigmund (D:3)
  2 jellies (D:4)
  A hound (D:4)
  3 gnolls (D:3)
  5 adders
  A worm (D:2)
  3 dart slugs
  An orc (D:3)
  3 bats
  7 endoplasms
  2 giant cockroaches
  7 goblins
  3 hobgoblins
  3 jackals (D:2)
  A quokka (D:1)
  5 ball pythons
  2 frilled lizards
  6 kobolds
  3 rats
59 creatures vanquished.

Notes
Turn   | Place    | Note
-------+----------+-------------------------------------------
     0 | D:1      | bande the Gargoyle Fighter began the quest for the Orb.
     0 | D:1      | Reached XP level 1. HP: 14/14 MP: 1/1
   383 | D:1      | Reached XP level 2. HP: 18/19 MP: 2/2
   399 | D:1      | Found a faded altar of an unknown god.
   913 | D:2      | Found a basalt altar of Yredelemnul.
   980 | D:2      | Reached XP level 3. HP: 22/23 MP: 3/3
  1665 | D:2      | Reached XP level 4. HP: 21/29 MP: 4/4
  1962 | D:3      | Found a large runed translucent door.
  1963 | D:3      | Found a large runed translucent door.
  1963 | D:3      | Found a large runed translucent door.
  1963 | D:3      | Found a large runed translucent door.
  1963 | D:3      | Found a large runed translucent door.
  1963 | D:3      | Noticed a vault warden
  1963 | D:3      | Noticed a vault warden
  1963 | D:3      | Noticed siradein's ghost (amateur DrBr)
  1964 | D:3      | Found a large runed translucent door.
  1964 | D:3      | Found a large runed translucent door.
  1964 | D:3      | Found a large runed translucent door.
  2470 | D:3      | Reached skill level 4 in Armour
  2630 | D:3      | Noticed Sigmund
  2652 | D:3      | Killed Sigmund
  2653 | D:3      | Reached XP level 5. HP: 13/34 MP: 5/5
  2653 | D:3      | Reached XP level 6. HP: 15/39 MP: 6/6
  3463 | D:3      | Reached skill level 5 in Armour
  3756 | D:3      | Gained mutation: You are dopey. (Int -2) [potion of
                  | mutation]
  3756 | D:3      | Gained mutation: Your spells are a little easier to cast,
                  | but a little less powerful. [potion of mutation]
  3756 | D:3      | Gained mutation: Your spells are easier to cast, but less
                  | powerful. [potion of mutation]
  3756 | D:3      | Slain by a gnoll shaman

Illustrated notes

Levels and vault maps discovered:
D:1:      wheals_arrival_shading, layout_basic,
          hellmonk_ecumenical_altar_run_dry
D:2:      layout_loops_ring, basic_altar
D:3:      layout_loops_cross, advil_vaults_ghost_lines, uniq_sigmund
D:4:      layout_cave_pools, minivault_27, hangedman_abyss_or_decor_stagger,
          uniq_eustachio, uniq_grinder, uniq_crazy_yiuf_cottage

Skill      XL: |  1  2  3  4  5  6 |
---------------+-------------------+-----
Axes           | 2 4 |  4.4
Armour         | 4 5 |  5.0
Fighting       | 4 |  4.5
Shields        | 4 |  4.0

Action                   |  1- 3 |  4- 6 || total
-------------------------+-------+-------++-------
Melee: War axe           |   102 |   107 ||   209
  Use: Potion            |       |     2 ||     2
Armor: Scale mail        |    57 |    69 ||   126
Dodge: Dodged            |    59 |    64 ||   123
Block: Buckler           |    18 |    32 ||    50

Table legend: (Time is in decaauts)
 A = Elapsed time spent in this place.
 B = Non-inter-level travel time spent in this place.
 C = Inter-level travel time spent in this place.
 D = Time resting spent in this place.
 E = Time spent auto-exploring this place.
 F = Levels seen in this place.
 G = Mean time per level.
                   A        B        C        D        E       F      G
               +--------+--------+--------+--------+--------+-----+--------+
         Total |   3833 |   3833 |      0 |   1167 |   1945 |   4 |  958.2 |
       Dungeon |   3833 |   3833 |      0 |   1167 |   1945 |   4 |  958.2 |
               +--------+--------+--------+--------+--------+-----+--------+

Top non-repeatable levels by time:
     D:3: 1591 daAuts
     D:2: 1106 daAuts
     D:1: 887 daAuts
     D:4: 247 daAuts
